[Event "Titled Tuesday Blitz May 31 Late 2022"]
[White "Hess, Robert"]
[Black "Lomaia, Diana"]
[WhiteFideId "2022036"]
[BlackFideId "13612476"]
[WhiteElo "2557"]
[BlackElo "1744"]
[Result "0-1"]
[Round "02"]
[TimeControl "180+1"]
[Date "2022.06.01"]
[WhiteClock "0:00:10"]
[BlackClock "0:00:34"]

1. b3 Nf6 2. Bb2 g6 3. d3 Bg7 4. Nd2 b6 5. e3 Bb7 6. Ne2 O-O 7. h3 c5 8. a3 Nc6 9. g4 Ne5 10. Rg1 Nf3+ 11. Nxf3 Bxf3 12. Bg2 Bxg2 13. Rxg2 d5 14. g5 Nh5 15. Bxg7 Nxg7 16. Nf4 e5 17. Ne2 Nf5 18. Rg4 f6 19. h4 a5 20. Nc3 d4 21. exd4 Nxd4 22. Rg3 f5 23. a4 Qd7 24. Kd2 e4 25. Kc1 f4 26. Rg1 exd3 27. Qxd3 Nxb3+ 28. Kb2 Qxd3 29. cxd3 Nxa1 30. Rxa1 Rad8 31. Kc2 Rfe8 32. Ne4 Kf7 33. f3 Rd4 34. Rb1 Rb4 35. Rh1 Rd8 36. h5 Rxa4 37. hxg6+ hxg6 38. Rh7+ Ke6 39. Rg7 Ra2+ 40. Kb3 Rg2 41. Rxg6+ Ke5 42. Kc3 b5 43. Nxc5 b4+ 44. Kb3 Rd5 45. Rc6 Rxg5 46. Kc4 Rd4+ 47. Kb5 b3 48. Kxa5 b2 49. Rb6 Rd5 50. Rxb2 Rxc5+ 51. Kb4 Kd4 52. Re2 Rb5+ 53. Ka3 Ra5+ 54. Kb2 Rgb5+ 55. Kc1 Ra1+ 56. Kd2 Ra2+ 57. Ke1 Rxe2+ 58. Kxe2 0-1


[Site "https://www.chess.com"]

[Event "Titled Tuesday Blitz May 31 Late 2022"]
[White "Holt, Conrad"]
[Black "Suder, Jakub"]
[WhiteFideId "2034387"]
[BlackFideId "1195310"]
[WhiteElo "2586"]
[BlackElo "2058"]
[Result "0-1"]
[Round "02"]
[TimeControl "180+1"]
[Date "2022.05.31"]
[WhiteClock "0:00:01"]
[BlackClock "0:00:05"]

1. d4 d5 2. c4 e6 3. Nc3 a6 4. cxd5 exd5 5. Bf4 c6 6. e3 Bd6 7. Bxd6 Qxd6 8. Bd3 Nf6 9. Qc2 O-O 10. Nf3 Nbd7 11. O-O Re8 12. Rac1 Nf8 13. Na4 Ne4 14. Nb6 Rb8 15. Nxc8 Rbxc8 16. Ne5 f6 17. Nc4 Qc7 18. Nd2 f5 19. b4 Re6 20. Nb3 Rh6 21. g3 Ne6 22. Kg2 Qf7 23. Qe2 g5 24. h3 Re8 25. Bxe4 fxe4 26. a4 Rg6 27. b5 axb5 28. axb5 g4 29. hxg4 Ng5 30. bxc6 bxc6 31. Nd2 Rf8 32. Rh1 Rf6 33. Rcf1 Nf3 34. Rh5 Qg6 35. Rhh1 Qxg4 36. Qd1 h5 37. Nxf3 exf3+ 38. Kg1 Rg6 39. Qc2 h4 40. Rxh4 Qg5 41. Rh2 Rh6 42. Rc1 Rxh2 43. Kxh2 Rf6 44. Kg1 Qh5 0-1


[Site "https://www.chess.com"]

[Event "Titled Tuesday Blitz May 31 Late 2022"]
[White "Ibarra Jerez, Jose Carlos"]
[Black "Ambartsumova, Karina"]
[WhiteFideId "2226332"]
[BlackFideId "4166299"]
[WhiteElo "2626"]
[BlackElo "2262"]
[Result "1-0"]
[Round "02"]
[TimeControl "180+1"]
[Date "2022.05.31"]
[WhiteClock "0:00:08"]
[BlackClock "0:00:04"]

1. Nf3 Nf6 2. g3 g6 3. b3 Bg7 4. Bb2 O-O 5. Bg2 c5 6. c4 Nc6 7. O-O b6 8. d4 cxd4 9. Nxd4 Bb7 10. Nc3 Qc7 11. Ndb5 Qc8 12. Nd5 Ne8 13. Bxg7 Nxg7 14. Nxe7+ Nxe7 15. Nd6 Qc7 16. Bxb7 Rad8 17. Bd5 Ne6 18. Nb5 Qe5 19. Nxa7 Nd4 20. e3 Ne6 21. Nb5 Nf5 22. Qd2 h5 23. Rae1 h4 24. f4 Qg7 25. e4 Ne7 26. f5 Nxd5 27. cxd5 Nc5 28. f6 Qh7 29. b4 Nb7 30. Rf4 hxg3 31. hxg3 Qh3 32. Qg2 Qxg2+ 33. Kxg2 Rc8 34. Rh4 Rc2+ 35. Kf3 g5 36. Rh5 g4+ 37. Ke3 Rg2 38. Kf4 Rf2+ 39. Kg5 Re8 40. e5 Rd2 41. Nc7 Rc8 42. Reh1 1-0


[Site "https://www.chess.com"]

[Event "Titled Tuesday Blitz May 31 Late 2022"]
[White "Janaszak, Dawid"]
[Black "Demchenko, Anton"]
[WhiteFideId "1119206"]
[BlackFideId "4160258"]
[WhiteElo "2199"]
[BlackElo "2539"]
[Result "0-1"]
[Round "02"]
[TimeControl "180+1"]
[Date "2022.05.31"]
[WhiteClock "0:00:02"]
[BlackClock "0:00:13"]

1. e4 e5 2. Nf3 Nc6 3. d4 exd4 4. Nxd4 Bc5 5. Nb3 Bb6 6. Nc3 d6 7. Qe2 a5 8. Be3 a4 9. Bxb6 axb3 10. Be3 bxa2 11. Rxa2 Rxa2 12. Nxa2 Nge7 13. g3 d5 14. Bg2 d4 15. Bg5 h6 16. Bxe7 Qxe7 17. O-O O-O 18. Nc1 Be6 19. f4 f6 20. Qb5 Qb4 21. Qxb4 Nxb4 22. c3 dxc3 23. bxc3 Nc2 24. Rf2 Ne3 25. Re2 Nd1 26. e5 Bg4 27. Rd2 Nxc3 28. exf6 Rxf6 29. Bxb7 Rb6 30. Rc2 Nb5 31. Bd5+ Kf8 32. Kf2 Bf5 33. Rb2 Nc3 34. Rxb6 cxb6 35. Bf3 b5 36. Ke3 b4 37. Kd4 Nb1 38. Kc4 Nd2+ 39. Kxb4 Nxf3 40. h4 Nd2 41. Ne2 Bg4 42. Nd4 Ne4 43. Kc4 Nxg3 44. Kd5 Nf5 45. Ne6+ Kg8 46. Ke5 Nxh4 47. Nd4 Nf3+ 48. Nxf3 Bxf3 0-1


[Site "https://www.chess.com"]

[Event "Titled Tuesday Blitz May 31 Late 2022"]
[White "Jeet, Jain"]
[Black "Svane, Rasmus"]
[WhiteFideId "5073022"]
[BlackFideId "4657101"]
[WhiteElo "2028"]
[BlackElo "2674"]
[Result "1-0"]
[Round "02"]
[TimeControl "180+1"]
[Date "2022.05.31"]
[WhiteClock "0:00:04"]
[BlackClock "0:00:01"]

1. Nf3 d5 2. e3 Nf6 3. c4 e6 4. b3 c5 5. Bb2 Nc6 6. cxd5 exd5 7. d4 cxd4 8. Nxd4 Bb4+ 9. Bc3 a5 10. Bd3 Nxd4 11. exd4 O-O 12. O-O Bg4 13. Qd2 Qb6 14. a3 Bd6 15. h3 Bh5 16. Qb2 Bc7 17. Nd2 Qd6 18. g3 Bg6 19. Bxg6 fxg6 20. Rae1 Nh5 21. Re3 Rae8 22. Rfe1 Rxe3 23. Rxe3 Qd7 24. Kg2 Qf5 25. Nf1 Nf6 26. f3 h5 27. h4 g5 28. hxg5 Qxg5 29. Bd2 Bxg3 30. Re5 Qg6 31. Nxg3 Qd3 32. Qc3 Qh7 33. Rg5 h4 34. Nf5 h3+ 35. Kh2 g6 36. Qc5 Re8 37. Qb5 Kh8 38. Ng3 Rc8 39. Qb6 Qf7 40. Qb5 Rc2 41. Qd3 Rb2 42. Kxh3 Nh7 43. Rg4 Nf6 44. Rh4+ Kg8 45. Kh2 Qe8 46. Kg1 Kf7 47. Rh6 Kg7 48. Rh4 Qe6 49. Rf4 Qb6 50. Be3 Rxb3 51. Qe2 Rb1+ 52. Nf1 Rb2 53. Qd3 Qe6 54. Rh4 a4 55. Rh6 Ng8 56. Rh4 Ne7 57. Rg4 Nf5 58. Bf2 Rb3 59. Qd2 Rxf3 60. Qg5 Nh6 61. Rh4 Nf7 62. Qg2 Qf6 63. Rg4 Rxa3 64. Ne3 Ra1+ 65. Kh2 Ra2 66. Kg1 Ra1+ 67. Kh2 Ra2 68. Kg1 a3 69. Nxd5 Qe6 70. Nf4 Ra1+ 71. Kh2 Qf5 72. Rxg6+ Kf8 73. Rg8+ Ke7 74. Rg4 a2 75. Nd5+ Kd6 76. Ne3 Rh1+ 77. Kxh1 a1=Q+ 78. Kh2 Qh5+ 79. Rh4 Qb5 80. Bg3+ Kd7 81. Qh3+ Ke7 82. Re4+ Kd8 83. Qh4+ Kd7 84. Qg4+ Kd8 85. Bh4+ Kc7 86. Re7+ Kb6 87. Qg6+ Ka7 88. Qxf7 Qe2+ 89. Ng2 Qb5 90. Re3 Qab2 91. Rg3 Qc6 92. Rg4 Qbc2 93. d5 Q6c3 94. Bf2+ Ka6 95. Ra4+ Kb5 96. Qd7+ Qc6 97. dxc6 bxc6 98. Rf4 Qh7+ 99. Qxh7 1-0


[Site "https://www.chess.com"]

[Event "Titled Tuesday Blitz May 31 Late 2022"]
[White "Jovic, Stevan"]
[Black "Poormosavi, Seyed Kian"]
[WhiteFideId "923206"]
[BlackFideId "12585807"]
[WhiteElo "2203"]
[BlackElo "2222"]
[Result "1-0"]
[Round "02"]
[TimeControl "180+1"]
[Date "2022.06.01"]
[WhiteClock "0:00:14"]
[BlackClock "0:00:05"]

1. d4 Nf6 2. c4 e6 3. Nc3 Bb4 4. e3 O-O 5. Nf3 Re8 6. Bd3 d6 7. O-O e5 8. dxe5 Bxc3 9. bxc3 dxe5 10. Nxe5 Na6 11. Nf3 Bg4 12. Be2 Ne4 13. Bb2 Nac5 14. Qc2 Qf6 15. Rad1 Rad8 16. Rd4 Qg6 17. Rfd1 Rd6 18. Ba3 b6 19. Nh4 Qh5 20. Bxg4 Qxg4 21. Bxc5 bxc5 22. Rxd6 Nxd6 23. Nf3 Qxc4 24. Qb3 Qxb3 25. axb3 Rb8 26. Rb1 c4 27. b4 a5 28. Ne5 c5 29. Nc6 Rb6 30. Nxa5 f5 31. f3 Kf7 32. Kf2 Ke6 33. Ke2 g5 34. Kd2 h5 35. Kc2 cxb4 36. Rxb4 Ra6 37. Nxc4 Nxc4 38. Rxc4 Ra2+ 39. Kd3 Rxg2 40. h4 g4 41. fxg4 fxg4 42. Rc5 Rf2 43. Rxh5 g3 44. Rg5 g2 45. h5 Kf6 46. Rg3 Ke5 47. h6 Rf6 48. Rxg2 Rxh6 49. Rg5+ Kd6 50. c4 Rh4 51. e4 Rh1 52. Rd5+ Kc6 53. Kd4 Rd1+ 54. Ke5 Rc1 55. Rd8 Kc7 56. Rd4 Kc6 57. Ke6 Kc5 58. Rd8 Re1 59. e5 Kxc4 60. Kf6 Kc5 61. e6 Rf1+ 62. Ke7 Kc6 63. Rc8+ Kd5 64. Rc2 Re1 65. Rd2+ Kc6 66. Kf7 Rf1+ 67. Ke8 Kc7 68. e7 Rf3 69. Rc2+ Kb7 70. Rc4 Kb6 71. Kd7 Rd3+ 72. Ke6 Re3+ 73. Kd6 Kb5 74. Rc8 Rd3+ 75. Ke6 Re3+ 76. Kf6 Rf3+ 77. Kg5 Rg3+ 78. Kf4 Re3 79. Kxe3 1-0


[Site "https://www.chess.com"]

[Event "Titled Tuesday Blitz May 31 Late 2022"]
[White "Kamsky, Gata"]
[Black "Kruckenhauser, Arthur"]
[WhiteFideId "2000024"]
[BlackFideId "1642812"]
[WhiteElo "2645"]
[BlackElo "2243"]
[Result "1-0"]
[Round "02"]
[TimeControl "180+1"]
[Date "2022.05.31"]
[WhiteClock "0:00:21"]
[BlackClock "0:00:05"]

1. d4 d5 2. Bf4 c5 3. e3 Nc6 4. c3 Nf6 5. Nd2 Bf5 6. Ngf3 cxd4 7. exd4 e6 8. Bb5 Bd6 9. Bxc6+ bxc6 10. Bxd6 Qxd6 11. b4 O-O 12. O-O a5 13. a3 axb4 14. cxb4 Ra6 15. Qb3 Rfa8 16. Rfe1 Nd7 17. Qc3 Nb6 18. h3 Na4 19. Qc1 h6 20. Nb3 f6 21. Na5 Be4 22. Nd2 Bg6 23. Nf3 Be4 24. Qe3 h5 25. Nd2 Bf5 26. Rac1 Nb2 27. Rc3 Na4 28. Rb3 Nb6 29. Qc3 Na4 30. Qa1 Qf4 31. Rbe3 h4 32. Ndb3 Qg5 33. Qc1 Qg6 34. Nc5 Nxc5 35. Qxc5 Be4 36. f3 Bf5 37. Kh1 Qg3 38. R3e2 e5 39. dxe5 fxe5 40. Rxe5 Bxh3 41. Qc2 Bd7 42. Re7 Rd8 43. Qe2 Bf5 44. Qe5 Bg6 45. Qxg3 hxg3 46. R7e6 Bf7 47. Rxc6 Rxc6 48. Nxc6 d4 49. Nxd8 d3 50. Rd1 1-0


[Site "https://www.chess.com"]

[Event "Titled Tuesday Blitz May 31 Late 2022"]
[White "Karttunen, Mika"]
[Black "Norowitz, Yaacov"]
[WhiteFideId "502081"]
[BlackFideId "2024799"]
[WhiteElo "2343"]
[BlackElo "2412"]
[Result "0-1"]
[Round "02"]
[TimeControl "180+1"]
[Date "2022.05.31"]
[WhiteClock "0:00:27"]
[BlackClock "0:02:12"]

1. e4 c6 2. d4 d5 3. e5 Bf5 4. h4 Qb6 5. g4 Bd7 6. h5 c5 7. dxc5 Qb4+ 8. Nd2 Bxg4 9. f3 Bf5 10. Bd3 Bxd3 11. cxd3 e6 12. a3 Qxc5 13. Ne2 Nc6 14. Nb3 Qb6 15. d4 Nge7 16. h6 g6 17. Bg5 Nf5 18. Rc1 Be7 19. Bxe7 Kxe7 20. Nc5 Rhc8 21. b4 a5 22. b5 Ncxd4 23. Nxd4 Rxc5 24. Nxf5+ exf5 25. Qd2 Rac8 26. Rxc5 Qxc5 27. Ke2 Qc2 28. Qxc2 Rxc2+ 29. Kd3 Rc5 30. a4 b6 31. Kd4 Ke6 32. Kd3 Rc4 33. Rd1 Rxa4 34. Rc1 Rc4 0-1


[Site "https://www.chess.com"]

[Event "Titled Tuesday Blitz May 31 Late 2022"]
[White "Kobalia, Mikhail"]
[Black "Rios Escobar, Adan"]
[WhiteFideId "4119150"]
[BlackFideId "3403645"]
[WhiteElo "2667"]
[BlackElo "2424"]
[Result "1/2-1/2"]
[Round "02"]
[TimeControl "180+1"]
[Date "2022.06.01"]
[WhiteClock "0:00:08"]
[BlackClock "0:00:09"]

1. e4 c5 2. Nf3 d6 3. c3 Nf6 4. h3 Nc6 5. Bd3 d5 6. e5 Nd7 7. Qe2 e6 8. Bb5 Qb6 9. O-O c4 10. Bxc6 bxc6 11. Re1 Ba6 12. Qd1 Bc5 13. Qe2 O-O 14. Na3 Bxa3 15. bxa3 Nc5 16. a4 Nd3 17. Rd1 Qc5 18. Ne1 Rfb8 19. Qe3 Rb7 20. Qxc5 Nxc5 21. Ba3 Nd3 22. Bd6 f6 23. Nxd3 cxd3 24. Rab1 Rd8 25. Rxb7 Bxb7 26. Rb1 Rd7 27. f4 Kf7 28. Kf2 h5 29. Ke3 Ba6 30. Kd4 Bc4 31. Kc5 Ke8 32. Kxc6 Bxa2 33. Rb8+ Rd8 34. Rb7 d4 35. Re7+ Kf8 36. Rxa7+ Kg8 37. cxd4 Bd5+ 38. Kb6 Bxg2 39. h4 g5 40. fxg5 fxg5 41. Be7 Rb8+ 42. Kc7 gxh4 43. Bxh4 Rb2 44. Kd6 Bd5 45. Bg5 h4 46. Bxh4 Rxd2 47. Rc7 Ra2 48. Bg5 d2 49. Bxd2 Rxd2 50. a5 Ra2 51. Ra7 Kf8 52. a6 Bc4 53. Rc7 Bxa6 54. Kxe6 Be2 55. d5 Bg4+ 56. Kf6 Rf2+ 57. Kg5 Rf5+ 58. Kxg4 Rxe5 59. Rc5 Ke7 60. Kf4 Kd6 61. Rc6+ Kxd5 62. Rc5+ Kxc5 63. Kxe5 1/2-1/2


[Site "https://www.chess.com"]

[Event "Titled Tuesday Blitz May 31 Late 2022"]
[White "Kollars, Dmitrij"]
[Black "Jia, Haoxiang"]
[WhiteFideId "12909572"]
[BlackFideId "8602999"]
[WhiteElo "2584"]
[BlackElo "2626"]
[Result "1-0"]
[Round "02"]
[TimeControl "180+1"]
[Date "2022.05.31"]
[WhiteClock "0:00:18"]
[BlackClock "0:00:09"]

1. Nf3 c5 2. e4 d6 3. Bb5+ Bd7 4. Bxd7+ Qxd7 5. c4 Nc6 6. Nc3 g6 7. d4 cxd4 8. Nxd4 Bg7 9. Be3 Nf6 10. f3 O-O 11. O-O Rfc8 12. b3 Qd8 13. Qd3 Qa5 14. Rac1 Nd7 15. Nd5 Qd8 16. Rfd1 Nc5 17. Qd2 Ne6 18. Nxe6 fxe6 19. Nf4 Kf7 20. Qf2 Qa5 21. Qh4 Rh8 22. c5 e5 23. Nh3 h6 24. cxd6 exd6 25. Rxd6 Rad8 26. Rxd8 Qxd8 27. Qe1 Qd7 28. Nf2 Rd8 29. Qe2 Qe7 30. Qc4+ Qe6 31. Kf1 Qxc4+ 32. Rxc4 Ke6 33. Ke2 h5 34. Nd3 Bf8 35. b4 Rc8 36. Rc1 b6 37. a4 Bd6 38. b5 Ne7 39. Rxc8 Nxc8 40. Nb2 Bc5 41. Bxc5 bxc5 42. Nc4 Kf6 43. a5 Ne7 44. h4 Ke6 45. Kd3 Nc8 46. Kc3 Ne7 47. Kb3 Nc8 48. Ka4 Ne7 49. g3 Nc8 50. b6 a6 51. b7 1-0


[Site "https://www.chess.com"]

[Event "Titled Tuesday Blitz May 31 Late 2022"]
[White "Kovacevic, Radmila"]
[Black "Mortazavi, Ali"]
[WhiteFideId "933171"]
[BlackFideId "401323"]
[WhiteElo "2115"]
[BlackElo "2339"]
[Result "0-1"]
[Round "02"]
[TimeControl "180+1"]
[Date "2022.06.01"]
[WhiteClock "0:00:03"]
[BlackClock "0:00:06"]

1. e4 c6 2. d4 d5 3. e5 Bf5 4. Be3 e6 5. c3 Ne7 6. Nd2 h5 7. Ngf3 Ng6 8. Qb3 Qb6 9. h4 Be7 10. g3 Nd7 11. Nh2 c5 12. Bb5 c4 13. Qa4 Qd8 14. Qd1 a6 15. Ba4 b5 16. Bc2 Bxc2 17. Qxc2 b4 18. Ndf3 bxc3 19. bxc3 Qa5 20. Bg5 O-O 21. g4 hxg4 22. Nxg4 Rfb8 23. h5 Bxg5 24. hxg6 Bf4 25. gxf7+ Kxf7 26. Nh4 Nf8 27. Rh3 Qa3 28. Rf3 g5 29. Rb1 Ke7 30. Ng2 Rxb1+ 31. Qxb1 Rd8 32. Nxf4 gxf4 33. Nf6 Nd7 34. Nh5 Nf8 35. Nxf4 Kd7 36. Qb7+ Ke8 37. Nxe6 Qc1+ 38. Ke2 Qc2+ 39. Kf1 Qd1+ 40. Kg2 Qxf3+ 41. Kxf3 Nxe6 42. Qxa6 Ke7 43. Qa3+ Kf7 44. Qa7+ Kg6 45. Qe7 Rf8+ 46. Kg3 Kf5 47. Qh7+ Kg5 48. f4+ Nxf4 49. Qg7+ Ng6 50. e6 Rf4 51. e7 Rg4+ 52. Kf3 Rf4+ 53. Ke2 Re4+ 54. Kd2 Rxe7 55. Qg8 Ra7 56. Qxd5+ Kg4 57. Qxc4 Nf4 58. Qg8+ Kf3 59. d5 Rxa2+ 60. Kc1 Ke3 0-1


[Site "https://www.chess.com"]

[Event "Titled Tuesday Blitz May 31 Late 2022"]
[White "Lehtosaari, Mauri"]
[Black "Wieczorek, Oskar"]
[WhiteFideId "501999"]
[BlackFideId "1133950"]
[WhiteElo "2430"]
[BlackElo "2330"]
[Result "1-0"]
[Round "02"]
[TimeControl "180+1"]
[Date "2022.06.01"]
[WhiteClock "0:00:16"]
[BlackClock "0:00:09"]

1. d4 Nf6 2. Nf3 c5 3. c3 g6 4. Bg5 cxd4 5. cxd4 Bg7 6. Nc3 O-O 7. e3 d6 8. Be2 b6 9. O-O Bb7 10. Rc1 Nc6 11. a3 Rc8 12. b4 e6 13. d5 Ne7 14. dxe6 fxe6 15. Nb5 Rxc1 16. Qxc1 Ne4 17. Bh4 Qd7 18. Rd1 Nf5 19. Bg3 Nfxg3 20. hxg3 d5 21. Bd3 Rc8 22. Qb1 Nc3 23. Nxc3 Rxc3 24. Nd4 a6 25. b5 a5 26. a4 Bf6 27. Bxg6 hxg6 28. Qxg6+ Bg7 29. Nxe6 Qf7 30. Qxf7+ Kxf7 31. Nd8+ Ke7 32. Nxb7 Rc7 33. Rxd5 Rxb7 34. e4 Rc7 35. f4 Rc4 36. e5 Rxa4 37. Rd6 Rb4 38. Rxb6 Kf7 39. Kf2 Rb3 40. Ra6 Rxb5 41. Kf3 Bf8 42. Ke4 Bb4 43. Kf5 Bc3 44. Ra7+ Ke8 45. g4 Rb2 46. g3 Ra2 47. Ke6 Kd8 48. g5 Rg2 49. g6 Rxg3 50. f5 Re3 51. Rd7+ Kc8 52. Rd5 a4 53. g7 Rg3 54. f6 a3 55. Rc5+ Kb7 56. Rxc3 Rxc3 57. g8=Q Rc6+ 58. Kd5 Ra6 59. Qg1 a2 60. Qa1 Kc7 61. f7 Ra8 62. e6 Ra5+ 63. Ke4 Ra8 64. e7 Ra4+ 65. Kd3 1-0


[Site "https://www.chess.com"]

[Event "Titled Tuesday Blitz May 31 Late 2022"]
[White "Leitao, Rafael"]
[Black "Mendoza Criollo, Carlos David"]
[WhiteFideId "2101246"]
[BlackFideId "3618323"]
[WhiteElo "2609"]
[BlackElo "1715"]
[Result "1-0"]
[Round "02"]
[TimeControl "180+1"]
[Date "2022.06.01"]
[WhiteClock "0:00:38"]
[BlackClock "0:00:19"]

1. c4 g6 2. g3 Bg7 3. Bg2 d6 4. Nc3 Nf6 5. Nf3 O-O 6. d4 c6 7. O-O Nbd7 8. e4 e5 9. h3 exd4 10. Nxd4 Re8 11. Re1 a5 12. b3 Nc5 13. Bf4 Qc7 14. Rc1 Nfd7 15. Be3 Ne5 16. Bf1 Ne6 17. Nxe6 Bxe6 18. f4 Nd7 19. Bg2 f5 20. Kh2 Rad8 21. exf5 Bxf5 22. g4 Be6 23. Qf3 Bf7 24. Ne4 h6 25. Red1 Nf6 26. Nxf6+ Bxf6 27. Qf2 Qe7 28. Bb6 Ra8 29. Re1 Qd7 30. Bd4 Bxd4 31. Qxd4 a4 32. b4 d5 33. Re5 Rxe5 34. fxe5 Re8 35. Re1 Be6 36. cxd5 Bxd5 37. Bxd5+ Qxd5 38. Qxd5+ cxd5 39. Kg3 Kf7 40. Rf1+ Ke6 41. Rf6+ Kxe5 42. Rxg6 Rh8 43. Kf3 Kd4 44. Rb6 h5 45. g5 h4 46. g6 Rg8 47. Kf4 Kc3 48. Ke5 d4 49. Rxb7 d3 50. Rc7+ Kxb4 51. Kf6 Ka3 52. Rc3+ Kxa2 53. Rxd3 a3 54. g7 Kb2 55. Kf7 Rxg7+ 56. Kxg7 a2 57. Rd2+ Kb3 58. Rd1 Kb2 59. Kg6 a1=Q 60. Rxa1 Kxa1 61. Kg5 Kb2 62. Kxh4 Kc3 63. Kg5 Kd4 64. h4 Ke5 65. h5 Ke6 66. Kg6 Ke7 67. Kg7 Ke6 68. h6 Kf5 69. h7 1-0


[Site "https://www.chess.com"]

[Event "Titled Tuesday Blitz May 31 Late 2022"]
[White "Maghsoodloo, Parham"]
[Black "Eynullayev, Atilla"]
[WhiteFideId "12539929"]
[BlackFideId "13413570"]
[WhiteElo "2630"]
[BlackElo "1936"]
[Result "1-0"]
[Round "02"]
[TimeControl "180+1"]
[Date "2022.05.31"]
[WhiteClock "0:00:44"]
[BlackClock "0:00:03"]

1. d4 Nf6 2. c4 e6 3. Nf3 d5 4. Nc3 c5 5. cxd5 cxd4 6. Qa4+ Bd7 7. Qxd4 exd5 8. Bg5 Be6 9. e3 Be7 10. Bb5+ Nc6 11. Qa4 Qb6 12. Nd4 O-O 13. Nxe6 fxe6 14. O-O a6 15. Bxc6 bxc6 16. Qc2 c5 17. Rad1 Rac8 18. e4 d4 19. Na4 Qb5 20. b3 c4 21. Bxf6 Bxf6 22. e5 cxb3 23. Qxb3 Qxb3 24. axb3 Bxe5 25. Rfe1 Rf5 26. g4 Rg5 27. f3 Rc2 28. h4 Bh2+ 29. Kh1 Re5 30. Rxe5 Bxe5 31. Kg1 Kf7 32. b4 Bf4 33. Nc5 Be3+ 34. Kh1 e5 35. Ra1 Rc3 36. Ne4 Rb3 37. Rxa6 Rxb4 38. Ra7+ Kf8 39. Rd7 Bf4 40. Nc5 Ke8 41. Rxg7 Rb1+ 42. Kg2 Rb2+ 43. Kf1 Bg3 44. Ne4 Bxh4 45. Rxh7 Be7 46. Rh5 Rb6 47. Rxe5 Kf7 48. Rd5 Rb4 49. Kf2 Ke6 50. Ra5 Rb2+ 51. Kg3 d3 52. f4 d2 53. f5+ Kf7 54. Rd5 Bb4 55. g5 Rb1 56. g6+ Ke8 57. Nxd2 Rd1 58. Re5+ Kf8 59. Ne4 Rd3+ 60. Kf4 Be1 61. f6 Rd7 62. g7+ Kf7 63. Ng5+ Kg8 64. Re8# 1-0


[Site "https://www.chess.com"]

[Event "Titled Tuesday Blitz May 31 Late 2022"]
[White "Makarian, Rudik"]
[Black "Hardaway, Brewington"]
[WhiteFideId "44105681"]
[BlackFideId "30941849"]
[WhiteElo "2419"]
[BlackElo "1768"]
[Result "1/2-1/2"]
[Round "02"]
[TimeControl "180+1"]
[Date "2022.05.31"]
[WhiteClock "0:00:03"]
[BlackClock "0:00:23"]

1. d3 Nf6 2. g3 g6 3. Bg2 Bg7 4. f4 O-O 5. Nf3 d6 6. O-O e5 7. Nc3 c6 8. e4 Re8 9. Kh1 exf4 10. Bxf4 Nh5 11. Bg5 Qb6 12. Rb1 Nd7 13. Qd2 Ne5 14. Nxe5 Bxe5 15. Ne2 Bg4 16. Nf4 Ng7 17. c3 Ne6 18. Nxe6 Bxe6 19. d4 Bg7 20. Bf6 Bxa2 21. Rbe1 Bc4 22. Rf2 Qc7 23. h4 h5 24. Qg5 Re6 25. Bxg7 Kxg7 26. Bh3 Ree8 27. Qf6+ Kg8 28. Qg5 Kg7 29. Kh2 Qe7 30. Qf4 Be6 31. Bg2 Bg4 32. Ref1 Rf8 33. Qd2 Be6 34. d5 cxd5 35. Qd4+ Kh7 36. exd5 Bg4 37. Qf6 Qd7 38. Qxf7+ Rxf7 39. Rxf7+ Qxf7 40. Rxf7+ Kg8 41. Rf6 Re8 42. Rxg6+ Kf7 43. Rxd6 Re2 44. Kg1 Rxb2 45. Bf1 a5 46. Rd8 Rd2 47. Ra8 b6 48. Rb8 a4 49. Rxb6 a3 50. Bc4 a2 51. Bxa2 Rxa2 52. c4 Rc2 53. Rc6 Bf3 54. Rc7+ Kf6 55. d6 Bg4 56. c5 Bh3 57. c6 Rg2+ 58. Kh1 Rxg3 59. Kh2 Rd3 60. d7 Ke7 61. Rc8 Bxd7 62. cxd7 Kxd7 63. Rh8 Rd5 64. Kg3 Ke6 65. Kf4 Kf6 66. Rh6+ Kg7 67. Ra6 Rb5 68. Re6 Kf7 69. Ra6 Kg7 70. Ra1 Kg6 71. Rg1+ Kf6 72. Re1 Rb4+ 73. Kg3 Rg4+ 74. Kh3 Ra4 75. Rd1 Kg6 76. Rg1+ Kh6 77. Rg3 1/2-1/2


[Site "https://www.chess.com"]

[Event "Titled Tuesday Blitz May 31 Late 2022"]
[White "Maksimenko, Viktor"]
[Black "Indjic, Aleksandar"]
[WhiteFideId "13710478"]
[BlackFideId "911925"]
[WhiteElo "2269"]
[BlackElo "2616"]
[Result "0-1"]
[Round "02"]
[TimeControl "180+1"]
[Date "2022.05.31"]
[WhiteClock "0:00:12"]
[BlackClock "0:00:09"]

1. d4 Nf6 2. c4 e6 3. Nf3 c5 4. d5 d6 5. Nc3 exd5 6. cxd5 g6 7. Bf4 Bg7 8. h3 O-O 9. e3 Ne8 10. Be2 Nd7 11. O-O Ne5 12. Nd2 Bd7 13. Bh2 Qe7 14. Re1 f5 15. a4 Nf7 16. Qc2 g5 17. Bf1 h5 18. Bb5 g4 19. hxg4 hxg4 20. e4 Bxb5 21. axb5 f4 22. Bxf4 Be5 23. Bg3 Nf6 24. Nc4 Nh5 25. Ne2 Bg7 26. Nf4 Nxf4 27. Bxf4 Ng5 28. Bxd6 Qf7 29. Bg3 Qh5 30. e5 Nf3+ 31. gxf3 gxf3 32. Qd3 Rf5 33. Re3 Raf8 34. Ra3 Bh6 35. d6 Bxe3 36. Nxe3 Rg5 37. d7 Qh3 38. d8=Q Rxg3+ 39. fxg3 f2# 0-1


[Site "https://www.chess.com"]

[Event "Titled Tuesday Blitz May 31 Late 2022"]
[White "Martinez Alcantara, Jose Eduardo"]
[Black "Rastbod, Ali"]
[WhiteFideId "3805662"]
[BlackFideId "12567477"]
[WhiteElo "2690"]
[BlackElo "2147"]
[Result "1-0"]
[Round "02"]
[TimeControl "180+1"]
[Date "2022.05.31"]
[WhiteClock "0:00:43"]
[BlackClock "0:00:08"]

1. e4 e6 2. d4 d5 3. Nc3 Nf6 4. Bg5 dxe4 5. Nxe4 Be7 6. Nxf6+ Bxf6 7. Bxf6 Qxf6 8. Nf3 O-O 9. Qd3 c5 10. O-O-O cxd4 11. Qe4 Nc6 12. Bd3 Qh6+ 13. Kb1 Bd7 14. h4 Nb4 15. Ne5 Bc6 16. Qxd4 Nxd3 17. Rxd3 Qf6 18. Nxc6 bxc6 19. Qxf6 gxf6 20. Rhd1 Rfc8 21. b3 Rc7 22. Kb2 c5 23. Kc3 Kg7 24. Kc4 Rb8 25. a3 Rbb7 26. Rd6 f5 27. f4 Kf6 28. Rd8 Kg7 29. R1d3 Kh6 30. Rg3 f6 31. Rf8 Rf7 32. Rxf7 Rxf7 33. Kxc5 Rc7+ 34. Kd6 Rxc2 35. Kxe6 Ra2 36. b4 Kh5 37. Kxf5 Rf2 38. Rg7 h6 39. g3 Rf3 40. Rxa7 Rxg3 41. Kxf6 Kxh4 42. b5 Rb3 43. a4 Kg4 44. Ke5 Re3+ 45. Kd4 Re1 46. b6 Kxf4 47. Rf7+ Kg5 48. b7 Rb1 49. a5 h5 50. a6 h4 51. a7 h3 52. b8=Q 1-0


[Site "https://www.chess.com"]

[Event "Titled Tuesday Blitz May 31 Late 2022"]
[White "Mickiewicz, Piotr"]
[Black "Ticondriul"]
[WhiteFideId "1114891"]
[WhiteElo "2223"]
[BlackElo "2641"]
[Result "1-0"]
[Round "02"]
[TimeControl "180+1"]
[Date "2022.06.01"]
[WhiteClock "0:00:08"]
[BlackClock "0:00:57"]

1. e4 Nc6 2. Nf3 d5 3. exd5 Qxd5 4. Nc3 Qh5 5. Nb5 Kd8 6. d4 a6 7. d5 Ne5 8. Nbd4 Nf6 9. Be2 Bg4 10. c4 Nxf3+ 11. Nxf3 Bxf3 12. Bxf3 Qe5+ 13. Be3 h5 14. h3 g5 15. Qb3 Kc8 16. O-O-O Bg7 17. d6 c6 18. dxe7 Qxe7 19. Rhe1 Qc7 20. Qd3 g4 21. Qf5+ Kb8 22. Bf4 Bh6 23. Bxh6 Rxh6 24. hxg4 hxg4 25. Bxg4 Rg6 26. Bf3 Ka7 27. Qc5+ Qb6 28. Qxb6+ Kxb6 29. Re7 Rf8 30. c5+ Kxc5 31. Rxb7 a5 32. Rc7 Ng4 33. Rd2 Ne5 34. Be4 Kb6 35. Re7 Re6 36. Rxe6 fxe6 37. f3 Nc4 38. Rd7 Kc5 39. g4 Ne5 40. Re7 Kd6 41. Ra7 Nc4 42. Ra6 Ne5 43. Kd2 Kc5 44. Kc3 Kb5 45. Ra7 Kb6 46. Re7 Kc5 47. Rxe6 Nxf3 48. Bf5 Nh4 49. Re5+ Kd6 50. Rxa5 Rb8 51. b3 Re8 52. Kd3 Re1 53. Ra6 Rg1 54. Ke3 Rg3+ 55. Kf4 Rf3+ 56. Kg5 Ng2 57. Kg6 Nf4+ 58. Kf6 Nd5+ 59. Kg5 Rf4 60. a3 Rd4 61. b4 Nc7 62. Ra7 Nb5 63. Ra8 Kc7 64. Rc8+ Kb6 65. Rf8 Nd6 66. Rb8+ Kc7 67. Rf8 Rd5 68. Rf6 Ne4+ 69. Kg6 Nxf6 70. Kxf6 Rd6+ 71. Ke7 Rd5 72. Ke6 Rd1 73. g5 Re1+ 74. Kf6 Kd6 75. g6 Rg1 76. g7 Kc7 77. Kf7 Rf1 78. g8=Q Rxf5+ 79. Ke6 1-0


[Site "https://www.chess.com"]